 Seeded DCSS version 0.28-a0-726-g4a9143789a (webtiles) character file.

Game seed: 7516650237348835793 (custom seed)

218 flotson the Sneak (level 5, -13/42 HPs)
             Began as a Demonspawn Delver on Oct 27, 2021.
             Killed by nerve-wracking pain
             ... invoked by Menkaure
              (14 damage)
             ... on level 4 of the Dungeon.
             The game lasted 00:07:31 (4210 turns).

flotson the Sneak (Demonspawn Delver)               Turns: 4210, Time: 00:07:31

Health: -13/42     AC:  8    Str: 14    XL:     5   Next: 63%
Magic:  5/5        EV: 11    Int: 11    God:
Gold:   179        SH:  0    Dex: 14    Spells: 3/4 levels left

rFire   + . .      SeeInvis .   x - +2 great sword (protect)
rCold   + . .      Faith    .   (shield currently unavailable)
rNeg    . . .      Spirit   .   l - +2 ring mail {rPois}
rPois   +          Reflect  .   p - +0 helmet
rElec   .          Harm     .   t - scarf {rC+ rF+}
rCorr   .          Rampage  .   (no gloves)
Will    .....                   (no boots)
Stlth   ++........              (no amulet)
HPRegen 0.14/turn               f - +4 ring of slaying
MPRegen 0.09/turn               (no ring)

@: brilliant
A: hooves 1, demonic magic 1
a: no special abilities


You were on level 4 of the Dungeon.
You visited 1 branch of the dungeon, and saw 5 of its levels.

You collected 179 gold pieces.

Inventory:

Hand Weapons
 a - a +0 short sword
 x - a +2 great sword of protection (weapon)
Missiles
 w - 6 poisoned darts (quivered)
Armour
 l - a +2 ring mail of poison resistance (worn)
 p - a +0 helmet (worn)
 t - a scarf of resistance (worn)
Jewellery
 f - a +4 ring of slaying (left hand)
 s - a ring of ice
Wands
 g - a wand of digging (1)
 h - a wand of polymorph (3)
Scrolls
 b - 4 scrolls of identify {unknown}
 c - a scroll of fog
 d - a scroll of magic mapping
 i - a scroll of summoning {unknown}
 j - 3 scrolls of teleportation {unknown}
 n - 6 scrolls of enchant armour {unknown}
 o - a scroll of torment {unknown}
 q - a scroll of enchant weapon {unknown}
Potions
 e - a potion of brilliance
 k - a potion of lignification {unknown}
 m - a potion of attraction {unknown}
 r - a potion of flight {unknown}
 u - a potion of resistance {unknown}
 v - a potion of ambrosia {unknown}
 z - a potion of might {unknown}


   Skills:
 + Level 3.9 Fighting
 - Level 1.7(2.2) Short Blades
 + Level 1.9(2.3) Long Blades
 + Level 1.6 Throwing
 + Level 2.0 Armour
 + Level 2.8 Dodging
 - Level 4.5 Stealth
 + Level 1.0 Summonings


You had 3 spell levels left.
You knew the following spells:

 Your Spells              Type           Power      Damage    Failure   Level
a - Summon Small Mammal   Summ           12%        N/A       43%         1

Your spell library contained the following spells:

 Spells                   Type           Power      Damage    Failure   Level
 Passwall                 Tmut/Erth      0%         N/A       71%         2
 Scorch                   Fire           0%         2d5       71%         2
 Call Canine Familiar     Summ           3%         N/A       80%         3
 Summon Guardian Golem    Hex/Summ       1%         N/A       86%         3
 Swiftness                Air            0%         N/A       91%         3
 Flame Wave               Conj/Fire      0%         3d3       100%        4
 Invisibility             Hex            0%         N/A       100%        6
 Summon Cactus Giant      Summ           1%         N/A       100%        6


Dungeon Overview and Level Annotations

Branches:
Dungeon (5/15)
 Temple: D:4-7

Altars:
Trog

Annotations:
D:4 Menkaure


Innate Abilities, Weirdness & Mutations

You have large cloven feet.
Spells you cast may paralyse adjacent enemies.


Message History

You kill the quokka!
No target in view!
No target in view!
No target in view!
No target in view!
No target in view!
Menkaure, Prince of Dust comes into view.
You start waiting.
Menkaure is nearby!
Menkaure closely misses you.
You slash Menkaure!
Your weapon exudes an aura of protection.
Menkaure is heavily damaged.
Menkaure whispers in an indecipherable tongue.
Menkaure barely misses you.
You hit Menkaure. You kick Menkaure!
Menkaure is severely damaged.
Menkaure gestures at you while chanting.
Pain shoots through your body!
You closely miss Menkaure.
Menkaure is severely damaged.
Menkaure gestures wildly while chanting.
Menkaure seems to speed up.
Menkaure casts a spell at you. Pain shoots through your body!
You closely miss Menkaure. Your kick misses Menkaure.
Menkaure is severely damaged.
Menkaure barely misses you. Menkaure hits you.
You are too injured to fight recklessly!
You barely miss Menkaure. Your kick misses Menkaure.
Menkaure is severely damaged.
Menkaure hits you!
* * * LOW HITPOINT WARNING * * *
Menkaure calls on the powers of darkness!
You feel a surge of unholy energy.
It was a potion of brilliance.
You feel clever all of a sudden. Menkaure casts a spell at you.
Pain shoots through your body!
You die...

..# ..# . ..# .. ..#
#..## ..##
##...###...####
#......M....... .#
#.@....... .##
##..###.... # ..#
#..#...###....## ..# ..
...............####..##
#
#...###...###.....#....
# #...# ###.#
##......... # #...#
#.## ##........ ##
#...## ##..####........
.## #....#
#...............


You could see Menkaure (fast).

Vanquished Creatures
  An orc priest (D:3)
  An orc wizard (D:3)
  A gnoll (D:3)
  2 adders
  A shadow imp (D:5)
  An ufetubus (D:4)
  5 worms
  7 dart slugs
  4 orcs (D:3)
  13 ball pythons
  7 endoplasms
  4 giant cockroaches
  8 goblins
  5 hobgoblins
  A jackal (D:3)
  6 quokkas
  7 bats
  4 frilled lizards
  8 kobolds
  10 rats
96 creatures vanquished.

Notes
Turn   | Place    | Note
-------+----------+-------------------------------------------
     0 | D:5      | flotson the Demonspawn Delver began the quest for the Orb.
     0 | D:5      | Reached XP level 1. HP: 18/18 MP: 1/1
     5 | D:5      | Noticed an ogre
   114 | D:5      | Noticed a hound
   145 | D:4      | Gained mutation: Spells you cast may paralyse adjacent
                  | enemies. [demonic ancestry]
   145 | D:4      | Reached XP level 2. HP: 23/24 MP: 2/2
   602 | D:1      | Reached skill level 1 in Armour
   602 | D:1      | Gained mutation: You have large cloven feet. [demonic
                  | ancestry]
   602 | D:1      | Reached XP level 3. HP: 27/29 MP: 3/3
   646 | D:1      | Reached skill level 1 in Long Blades
  1473 | D:2      | Found a bloodstained altar of Trog.
  1604 | D:2      | Reached skill level 1 in Throwing
  1604 | D:2      | Reached XP level 4. HP: 33/35 MP: 4/4
  2096 | D:2      | Found a faded altar of an unknown god.
  2324 | D:3      | Noticed a scorpion
  2324 | D:3      | an iguana changed into a scorpion
  2327 | D:3      | a scorpion changed into a bat
  2695 | D:3      | Learned a level 1 spell: Summon Small Mammal
  3077 | D:3      | Reached XP level 5. HP: 34/42 MP: 5/5
  3997 | D:3      | Reached skill level 1 in Summonings
  4197 | D:4      | Noticed Menkaure
  4209 | D:4      | HP: 1/42 [Menkaure (17)]
  4210 | D:4      | Killed from afar by Menkaure

Illustrated notes

Levels and vault maps discovered:
D:1:      heliophobic_arrival_henge, layout_basic
D:2:      minmay_thinvault, layout_rooms, dilly_ecumenical_altar_fadedgnrine,
          basic_altar
D:3:      wad_river_or_something, layout_basic, serial_glass, glass_columns_b,
          glass_columns_c, glass_columns_a, glass_columns_c, glass_columns_a,
          glass_columns_a, item_on_display_a, feat_on_display, item_on_display_a
D:4:      layout_layer_cave, uniq_natasha, uniq_menkaure
D:5:      layout_loops_ring, minmay_temple_entry_butterflies

Skill      XL: |  1  2  3  4  5 |
---------------+----------------+-----
Dodging        | 2 |  2.8
Armour         | 1 2 |  2.0
Long Blades    | 1 |  1.9
Throwing       | 1 |  1.6
Summonings     | 1 |  1.0
Fighting       | |  3.9
Short Blades   | |  1.7
Stealth        | |  4.5

Action                   |  1- 3 |  4- 6 || total
-------------------------+-------+-------++-------
Melee: Short sword       |   124 |   140 ||   264
       Kick              |    13 |    38 ||    51
       Great sword       |       |    19 ||    19
Throw: Dart              |       |    18 ||    18
Evoke: Wand              |     1 |     5 ||     6
  Use: Potion            |     1 |     1 ||     2
       Scroll            |     1 |       ||     1
 Stab: Sleeping          |     8 |     9 ||    17
Armor: Leather armour    |     4 |       ||     4
       Scale mail        |    33 |       ||    33
       Ring mail         |    14 |    67 ||    81
Dodge: Dodged            |    53 |    66 ||   119

Table legend: (Time is in decaauts)
 A = Elapsed time spent in this place.
 B = Non-inter-level travel time spent in this place.
 C = Inter-level travel time spent in this place.
 D = Time resting spent in this place.
 E = Time spent auto-exploring this place.
 F = Levels seen in this place.
 G = Mean time per level.
                   A        B        C        D        E       F      G
               +--------+--------+--------+--------+--------+-----+--------+
         Total |   4207 |   4088 |    119 |     43 |   3102 |   5 |  841.4 |
       Dungeon |   4207 |   4088 |    119 |     43 |   3102 |   5 |  841.4 |
               +--------+--------+--------+--------+--------+-----+--------+

Top non-repeatable levels by time:
     D:3: 1923 daAuts
     D:2: 1023 daAuts
     D:1: 906 daAuts
     D:4: 250 daAuts
     D:5: 103 daAuts
